 Dungeon Crawl Stone Soup version 0.28-a0-1506-g3893175d92 (webtiles) character file.

Game seed: 3387614593146411289

5 HallandMoats the Vandal (level 1, 0/18 HPs)
             Began as a Ghoul Hunter on Jan 14, 2022.
             Slain by a rat (3 damage)
             ... on level 1 of the Dungeon.
             The game lasted 00:00:23 (77 turns).

HallandMoats the Vandal (Ghoul Hunter)                Turns: 77, Time: 00:00:23

Health: 0/18       AC:  3    Str: 15    XL:     1   Next: 80%
Magic:  0/0        EV: 11    Int:  6    God:
Gold:   0          SH:  0    Dex:  9    Spells: 0/0 levels left

rFire   . . .      SeeInvis .   a - +1 hunting sling
rCold   + . .      Faith    .   (no shield)
rNeg    + + +      Spirit   .   c - +0 leather armour
rPois   ∞          Reflect  .   (no helmet)
rElec   .          Harm     .   (no cloak)
rCorr   .          Rampage  .   (no gloves)
Will    .....                   (no boots)
Stlth   +.........              (no amulet)
HPRegen 0.00/turn               (no ring)
MPRegen 0.07/turn               (no ring)

@: inhibited regen
A: claws 1, cold resistance 1, negative energy resistance 3, inhibited
regeneration, torment resistance 2
a: no special abilities


You were on level 1 of the Dungeon.
You visited 1 branch of the dungeon, and saw 1 of its levels.

Inventory:

Hand Weapons
 a - a +1 hunting sling (weapon)
 b - a +0 short sword
Armour
 c - a +0 leather armour (worn)
Scrolls
 e - a scroll of noise {unknown}


   Skills:
 * Level 2.4 Fighting
 + Level 3.6 Slings
 + Level 0.2 Armour
 + Level 1.9 Dodging
 - Level 1.1 Stealth


You couldn't memorise any spells.
You didn't know any spells.
Your spell library was empty.

Dungeon Overview and Level Annotations

Branches:
Dungeon (1/15)

Altars:


Innate Abilities, Weirdness & Mutations

You thrive by killing the living.
You are immune to poison.
You have sharp fingernails.
Your flesh is cold resistant. (rC+)
You are immune to negative energy. (rN+++)
You do not regenerate when monsters are visible.
You are immune to unholy pain and torment.


Message History

Unknown command.
Unknown command.
Unknown command.
Unknown command.
Unknown command.
Unknown command.
Unknown command.
Unknown command.
Items here: ( )) †.
The rat misses you.
Really attack while wielding your +1 hunting sling? [Y]es or [N]o only, please.
Really attack while wielding your +1 hunting sling? [Y]es or [N]o only, please.
Really attack while wielding your +1 hunting sling? [Y]es or [N]o only, please.
Really attack while wielding your +1 hunting sling? [Y]es or [N]o only, please.
Really attack while wielding your +1 hunting sling?
You closely miss the rat. The rat bites you but does no damage.
You clumsily bash the rat but do no damage.
The rat barely misses you. x2
You clumsily bash the rat but do no damage.
The rat barely misses you.
You barely miss the rat. The rat bites you.
* * * LOW HITPOINT WARNING * * *
The rat bites you.
* * * LOW HITPOINT WARNING * * *
You clumsily bash the rat but do no damage.
The rat bites you.
* * * LOW HITPOINT WARNING * * *
You barely miss the rat. The rat barely misses you.
The rat bites you but does no damage.
You clumsily bash the rat but do no damage.
The rat bites you but does no damage.
You clumsily bash the rat but do no damage.
The rat closely misses you. x2
You clumsily bash the rat but do no damage.
The rat bites you.
You die...

.# # .. ... #.## ##
.#...#... .# ........#
)# ♣♣♣
#...##.####(#.....
#.......!)@r..((..
#####...##.#..#.###...
..............#.#
................#
..............### #.#
####...#####.# #..
#.........#####.###
#...########......#
#...# #.##.#.#


You could see a rat.

Vanquished Creatures
  A goblin (D:1)
  2 kobolds (D:1)
  A frilled lizard (D:1)
  A rat (D:1)
5 creatures vanquished.

Notes
Turn   | Place    | Note
-------+----------+-------------------------------------------
     0 | D:1      | HallandMoats the Ghoul Hunter began the quest for the Orb.
     0 | D:1      | Reached XP level 1. HP: 17/17 MP: 0/0
    77 | D:1      | Slain by a rat

Illustrated notes

Levels and vault maps discovered:
D:1:      scummos_arrival_hexagon, layout_loops_cross, serial_forest,
          infiniplex_forest_lined_2, infiniplex_forest_straight_2,
          infiniplex_forest_straight_3, infiniplex_forest_straight_4,
          infiniplex_forest_lined_room_2

Action                   || total
-------------------------++-------
Melee: Hunting sling     ||     9
 Fire: Hunting sling     ||    22
Armor: Leather armour    ||     4
Dodge: Dodged            ||     8

Table legend: (Time is in decaauts)
 A = Elapsed time spent in this place.
 B = Non-inter-level travel time spent in this place.
 C = Inter-level travel time spent in this place.
 D = Time resting spent in this place.
 E = Time spent auto-exploring this place.
 F = Levels seen in this place.
 G = Mean time per level.
                   A        B        C        D        E       F      G
               +--------+--------+--------+--------+--------+-----+--------+
         Total |     81 |     81 |      0 |      0 |     38 |   1 |   81.0 |
       Dungeon |     81 |     81 |      0 |      0 |     38 |   1 |   81.0 |
               +--------+--------+--------+--------+--------+-----+--------+

Top non-repeatable levels by time:
     D:1: 81 daAuts
